 Dungeon Crawl Stone Soup version 0.24.0-5-g267a8d59f4 (webtiles) character file.

Game seed: 15590604504273694035, levelgen mode: deterministic

1761092 MeekVeins the Hoplite (level 27, 222/222 HPs)
             Began as a Gnoll Skald on Nov 1, 2019.
             Was the Champion of Okawaru.
             Escaped with the Orb
             ... and 3 runes on Nov 2, 2019!
             The game lasted 05:09:17 (68358 turns).

MeekVeins the Hoplite (Gnoll Skald)                Turns: 68358, Time: 05:09:17

Health: 222/222    AC: 53    Str: 28    XL:     27
Magic:  46/46      EV: 19    Int: 17    God:    Okawaru [******]
Gold:   4864       SH: 23    Dex: 18    Spells: 14/64 levels left

rFire    + + +     SeeInvis +   a - +9 demon trident (freeze)
rCold    + . .     Gourm    .   U - +5 shield {rN+}
rNeg     + . .     Faith    .   K - +10 crystal plate armour of Okawaru's Hope {god gift, rF+ Str+3 Stlth+}
rPois    +         Spirit   +   V - +2 helmet {SInv}
rElec    .         Reflect  .   e - +2 cloak {MR+}
rCorr    .         Harm     .   d - +2 pair of gloves {Str+3}
MR       ++++.                  p - +2 pair of boots {run} {god gift}
Stlth    +.........             n - amulet of Vunku {Spirit +Fly rF++ rC+ Stlth+}
HPRegen  0.47/turn              m - ring of protection from magic
MPRegen  0.30/turn              o - ring of poison resistance

@: studying 2 skills, quick
A: distributed training, fangs 1, blurry vision 1, fire resistance 1, mutation
resistance 1, sturdy frame 1, strong nose
0: Orb of Zot
}: 3/15 runes: decaying, serpentine, silver
a: Heroism, Finesse, Renounce Religion, Evoke Flight


You escaped.
You worshipped Okawaru.
Okawaru was exalted by your worship.
You were not hungry.

You visited 10 branches of the dungeon, and saw 50 of its levels.
You also visited: Sewer and Ice Cave.

You collected 7488 gold pieces.
You spent 2624 gold pieces at shops.

Inventory:

Hand Weapons
 a - a +9 demon trident of freezing (weapon)
 b - the +5 hand crossbow of the Spinneret {speed, rC+++ rN+}
   (You found it on level 3 of the Elven Halls)

   Attacks with this weapon are significantly faster.
   It renders you almost immune to cold.
   It protects you from negative energy.
 P - a +7 hand crossbow of velocity {god gift}
Missiles
 f - 16 curare-tipped darts
 g - 1774 bolts {god gift}
 x - 28 javelins (quivered)
Armour
 d - a +2 pair of gloves of strength (worn)
 e - a +2 cloak of magic resistance (worn)
 p - a +2 pair of boots of running (worn) {god gift}
 K - the +10 crystal plate armour of Okawaru's Hope (worn) {god gift, rF+ Str+3 Stlth+}
   (Okawaru gifted it to you on level 3 of the Snake Pit)

   It affects your strength (+3).
   It protects you from fire.
   It makes you more stealthy.
 U - a +5 shield of positive energy (worn)
 V - a +2 helmet of see invisible (worn)
Jewellery
 m - a ring of protection from magic (left hand)
 n - the amulet of Vunku (around neck) {Spirit +Fly rF++ rC+ Stlth+}
   (You found it on level 4 of the Depths)

   [amulet of guardian spirit]

   It causes incoming damage to be split between your health and magic.
   It greatly protects you from fire.
   It protects you from cold.
   It lets you fly.
   It makes you more stealthy.
 o - a ring of poison resistance (right hand)
Wands
 A - a wand of acid (44)
 C - a wand of digging (20)
 I - a wand of iceblast (17)
 Z - a wand of disintegration (13)
Scrolls
 h - 3 scrolls of vulnerability
 q - 3 scrolls of fog
 r - 2 scrolls of amnesia
 s - a scroll of brand weapon
 t - 5 scrolls of summoning
 v - a scroll of holy word
 w - 19 scrolls of remove curse
 B - 9 scrolls of blinking
 F - 9 scrolls of immolation
 M - a scroll of magic mapping
 O - 8 scrolls of fear
 R - 9 scrolls of identify
 T - 17 scrolls of teleportation
Potions
 c - 3 potions of cancellation
 i - 2 potions of invisibility
 k - 8 potions of ambrosia
 l - 5 potions of magic
 y - 6 potions of berserk rage
 D - 15 potions of might
 G - 10 potions of brilliance
 H - 9 potions of haste
 J - 3 potions of mutation
 L - 15 potions of lignification
 N - a potion of resistance
 Q - 18 potions of curing
 S - 9 potions of agility
 W - 14 potions of heal wounds
Books
 u - a manual of
Armour
 X - a manual of Shields
Miscellaneous
 j - a phantom mirror
 Y - a lamp of fire
Comestibles
 z - 80 rations


   Skills:
 + Level 19.2 Fighting
 + Level 18.8 Short Blades
 + Level 18.8 Long Blades
 + Level 18.8 Axes
 + Level 18.8 Maces & Flails
 + Level 19.2 Polearms
 + Level 18.8 Staves
 + Level 18.8 Slings
 + Level 18.8 Bows
 + Level 18.8 Crossbows
 + Level 18.8 Throwing
 + Level 21.0 Armour
 + Level 19.2 Dodging
 + Level 18.8 Stealth
 + Level 22.3 Shields
 + Level 18.8 Unarmed Combat
 + Level 19.2 Spellcasting
 + Level 16.2 Conjurations
 + Level 16.2 Hexes
 + Level 16.9 Charms
 + Level 16.2 Summonings
 + Level 16.2 Necromancy
 + Level 17.6 Translocations
 + Level 16.2 Transmutations
 + Level 16.2 Fire Magic
 + Level 16.2 Ice Magic
 + Level 16.2 Air Magic
 + Level 16.2 Earth Magic
 + Level 16.2 Poison Magic
 + Level 20.1 Invocations
 + Level 18.8 Evocations


You had 14 spell levels left.
You knew the following spells:

 Your Spells              Type           Power        Failure   Level  Hunger
a - Shroud of Golubria    Chrm/Tloc      ######       1%          2    None
b - Summon Butterflies    Summ           ######..     1%          1    None
c - Regeneration          Chrm/Necr      ######....   1%          3    None
d - Yara's Violent Unrav  Hex/Tmut       ######....   1%          5    ###....
e - Irradiate             Conj/Tmut      ######....   1%          5    ###....
f - Borgnjor's Vile Clut  Necr/Erth      ######....   1%          5    ###....
g - Death Channel         Necr           ######....   4%          6    #####..
q - Confusing Touch       Hex            ######       1%          1    None
v - Summon Mana Viper     Hex/Summ       ######..     1%          5    ###....
x - Spectral Weapon       Hex/Chrm       ######..     1%          3    None
B - Blink                 Tloc           N/A          1%          2    None
D - Deflect Missiles      Chrm/Air       ######....   4%          6    #####..
I - Invisibility          Hex            ######..     4%          6    #####..

Your spell library contained the following spells:

 Spells                   Type           Power        Failure   Level  Hunger
 Apportation              Tloc           ######       0%          1    None
 Animate Skeleton         Necr           N/A          1%          1    None
 Beastly Appendage        Tmut           ######       1%          1    None
 Corona                   Hex            ######.      1%          1    None
 Flame Tongue             Conj/Fire      #####        1%          1    None
 Infusion                 Chrm           ####         1%          1    None
 Magic Dart               Conj           ####         1%          1    None
 Sandblast                Erth           ######       1%          1    None
 Sting                    Conj/Pois      ####         1%          1    None
 Summon Small Mammal      Summ           ####         1%          1    None
 Call Imp                 Summ           ######..     1%          2    None
 Ensorcelled Hibernation  Hex/Ice        ######       1%          2    None
 Passwall                 Tmut/Erth      ######..     1%          2    None
 Poisonous Vapours        Pois/Air       ######       1%          2    None
 Slow                     Hex            ######..     1%          2    None
 Song of Slaying          Chrm           ######..     1%          2    None
 Sticks to Snakes         Tmut           ######..     1%          2    None
 Sublimation of Blood     Necr           ######....   1%          2    None
 Throw Flame              Conj/Fire      ######       1%          2    None
 Call Canine Familiar     Summ           ######..     1%          3    None
 Confuse                  Hex            ######..     1%          3    None
 Conjure Flame            Conj/Fire      ######..     1%          3    None
 Dazzling Spray           Conj/Hex       ######       1%          3    None
 Gell's Gravitas          Tloc           ######....   1%          3    None
 Ignite Poison            Fire/Tmut/Pois ######..     1%          3    None
 Inner Flame              Hex/Fire       ######..     1%          3    None
 Lesser Beckoning         Tloc           ######....   1%          3    None
 Mephitic Cloud           Conj/Pois/Air  ######..     1%          3    None
 Recall                   Summ/Tloc      N/A          1%          3    None
 Spider Form              Tmut/Pois      ######....   1%          3    None
 Static Discharge         Conj/Air       ######..     1%          3    None
 Stone Arrow              Conj/Erth      ######       1%          3    None
 Teleport Other           Tloc           ######..     1%          3    None
 Tukima's Dance           Hex            ######..     1%          3    None
 Animate Dead             Necr           N/A          1%          4    None
 Cause Fear               Hex            ######....   1%          4    None
 Ice Form                 Ice/Tmut       ######..     1%          4    None
 Leda's Liquefaction      Hex/Erth       ######....   1%          4    None
 Olgreb's Toxic Radiance  Pois           ######..     1%          4    None
 Petrify                  Tmut/Erth      ######..     1%          4    None
 Sticky Flame             Conj/Fire      ######..     1%          4    None
 Summon Ice Beast         Ice/Summ       ######..     1%          4    None
 Alistair's Intoxication  Tmut/Pois      ######..     1%          5    ###....
 Blade Hands              Tmut           ######....   1%          5    ###....
 Bolt of Magma            Conj/Fire/Erth ######....   1%          5    ###....
 Fireball                 Conj/Fire      ######....   1%          5    ###....
 Lee's Rapid Deconstruct  Erth           ######....   1%          5    ###....
 Lightning Bolt           Conj/Air       ######....   1%          5    ###....
 Metabolic Englaciation   Hex/Ice        ######....   1%          5    ###....
 Silence                  Hex/Air        ######....   1%          5    ###....
 Summon Demon             Summ           ######....   1%          5    ###....
 Venom Bolt               Conj/Pois      ######....   1%          5    ###....
 Bolt of Cold             Conj/Ice       ######....   4%          6    #####..
 Bolt of Fire             Conj/Fire      ######....   4%          6    #####..
 Freezing Cloud           Conj/Ice/Air   ######....   4%          6    #####..
 Hydra Form               Tmut           ######....   4%          6    #####..
 Iron Shot                Conj/Erth      ######....   4%          6    #####..
 Ozocubu's Refrigeration  Ice            ######....   4%          6    #####..
 Simulacrum               Ice/Necr       ######....   4%          6    #####..
 Statue Form              Tmut/Erth      ######...    4%          6    #####..
 Dragon Form              Tmut           ######....   26%         7    ######.
 Summon Hydra             Summ           ######....   26%         7    ######.
 Discord                  Hex            ######....   89%         8    #######
 Ignition                 Fire           ######....   89%         8    #######
 Dragon's Call            Summ           ######....   100%        9    #######
 Shatter                  Erth           ######....   100%        9    #######
 Tornado                  Air            ######....   100%        9    #######
 Passage of Golubria      Tloc           Unusable     N/A         4    N/A

Dungeon Overview and Level Annotations

Branches:
Dungeon (15/15)            Temple (1/1) D:4            Lair (6/6) D:9
  Swamp (4/4) Lair:3        Snake (4/4) Lair:2        Slime (0/5) Lair:5
    Orc (2/2) D:9             Elf (3/3) Orc:2        Vaults (5/5) D:14
  Crypt (0/3) Vaults:2     Depths (5/5) D:15            Zot (5/5) Depths:5
  Sewer (visited)           IceCv (visited)

Altars:
Ashenzari
Cheibriados
Dithmenos
Elyvilon
Fedhas
Gozag
Hepliaklqana
Kikubaaqudgha
Makhleb
Nemelex Xobeh
Okawaru
Qazlal
Ru
Sif Muna
Trog
Uskayaw
Vehumet
Wu Jian
Xom
Yredelemnul
Zin
The Shining One
Jiyva

Shops:
D:8 ??:   D:9 =   D:12 [}   Orc:2 (}[=   Elf:2 [   Snake:4 !   Vaults:1 %

Portals:
Hell: Depths:1 Depths:2 Depths:3 Depths:4 Depths:5
Abyss: Depths:4
Pandemonium: Depths:3 Depths:4
Ziggurat: Depths:4
Trove: D:10 (show abyssal rune of Zot)

Annotations:
D:9 exclusion: downstairs
D:10 exclusion: killer bee
D:14 1 runed translucent door
Lair:2 2 transporters, Wuvuatt's ghost, journeyman MiBe
Lair:4 3 runed translucent doors, Bananafolds's ghost, journeyman MfSk
Elf:3 1 exclusion
Depths:3 1 runed translucent door, Polaczum's ghost, adept TrMo
Zot:2 13 runed doors
Zot:5 1 exclusion


Innate Abilities, Weirdness & Mutations

Your experience applies equally to all skills.
You have very sharp teeth.
Your uncanny sense of smell can sniff out nearby items.
Scrolls take you a little longer to read.
Your flesh is heat resistant. (rF+)
You are somewhat resistant to further mutation.
Your movements are slightly less encumbered by armour. (ER -2)


Message History

Aim: a smoke demon You reach to attack!
You hit the smoke demon. You freeze the smoke demon.
The smoke demon is lightly wounded.
You impale the smoke demon!! You freeze the smoke demon.
The smoke demon is almost dead.
You puncture the smoke demon! You freeze the smoke demon.
You kill the smoke demon!
Okawaru accepts your kill.
No target in view!
No target in view!
(D) Dungeon (T) Temple (L) Lair (S) Swamp (P) Snake Pit (M) Slime Pits (O) Orcish Mines (E) Elven Halls (V) Vaults (C) Crypt (U) Depths (H) Hell (Z) Zot
Where to? (Enter - D:1, ? - help)
What level of the Dungeon? (default 1, ? - help)
You see here a +0 spear.
You see here a +0 spear.
You see here a +0 flail.
There is a stone staircase leading up here.
You climb upwards.
There is a stone staircase leading down here.
Things that are here:
a +0 spear; a +2 dagger of freezing
There is a stone staircase leading up here.
You climb upwards.
HP restored.
There is a stone staircase leading down here.
There is an open door here.
There is a stone staircase leading up here.
You climb upwards.
There is a stone staircase leading down here.
A daeva comes into view.
It is wielding a +3 scimitar of holy wrath.
The daeva calls down the wrath of the Shining One upon you.
The Shining One smites you!
There is a stone staircase leading up here.
You climb upwards.
There is a stone staircase leading down here.
(D) Dungeon (T) Temple (L) Lair (S) Swamp (P) Snake Pit (M) Slime Pits (O) Orcish Mines (E) Elven Halls (V) Vaults (C) Crypt (U) Depths (H) Hell (Z) Zot
Where to? (Enter - D:1, ? - help)
What level of the Dungeon? (default 1, ? - help) You're already here!
There is a stone staircase leading down here.
Magic restored.
There is an open door here.
HP restored.
There is a staircase leading out of the dungeon here.
You have escaped!

#.####### #.# #.#####.##.#
#.#.....###.###.##.......#
#.#.###.##...##.##.##.####
#.....#.#........§....#
###.....##...≈≈≈§≈≈≈..#
#.....###..≈...§.≈..#
#................≈..#
#.....#§.≈§≈≈≈...≈..#
#.....##.§§§@≈...≈..#
########§§§≈§....≈..#
############.≈.≈≈≈≈§.≈..#
.............≈.....≈.≈..#
####..#####..≈...≈>..≈.##
#..# ##.§...≈≈§≈≈.#
####..######.§..§......#
.........#...§.§...≈.###
.###..##.....≈≈§§≈§≈.#


There were no monsters in sight!

Vanquished Creatures
  7 orbs of fire
  4 ancient liches (Zot:5)
  2 juggernauts
  Sojobo (Vaults:4)
  A pandemonium lord (D:7)
  Boris (twice) (Vaults:3 Depths:2)
  6 Killer Klowns (Zot:5)
  Vashnia (Snake:2)
  A curse toe (Zot:2)
  4 caustic shrikes
  the Enchantress (Depths:3)
  13 golden dragons
  2 electric golems (Zot:5)
  13 tentacled monstrosities
  6 liches
  Jorgrun (Snake:2)
  Asterion (Vaults:2)
  26 Orb Guardians
  6 titans
  6 quicksilver dragons
  4 sphinxes
  Gastronok (D:11)
  A deep elf master archer (Elf:3)
  An Executioner (Depths:5)
  6 shadow dragons
  12 death cobs
  5 deep elf blademasters
  14 storm dragons
  Agnes (Snake:4)
  15 tengu reavers
  4 thorn hunters
  Donald (Orc:2)
  7 draconian monks
  7 nagarajas
  9 frost giants
  10 fire giants
  An iron dragon (shapeshifter) (Vaults:5)
  7 deep elf sorcerers
  12 vault wardens
  A balrug (D:7)
  5 draconian scorchers
  6 ghost moths
  Louise (Snake:3)
  A cacodemon (D:15)
  2 iron dragons
  Aizul (Snake:2)
  7 draconian knights
  5 deep elf elementalists
  2 draconian shifters
  17 ironheart preservers
  A reaper (Depths:4)
  A juggernaut zombie (Depths:5)
  3 spriggan defenders (Depths:3)
  7 draconian annihilators
  29 very ugly things
  6 entropy weavers
  7 draconian stormcallers
  2 caustic shrike skeletons (Depths:5)
  21 stone giants
  5 vampire knights
  Azrael (Snake:3)
  13 green draconians
  12 deep elf annihilators
  6 deep elf demonologists
  10 purple draconians
  11 red draconians
  11 yellow draconians
  10 white draconians
  A spark wasp (Depths:5)
  3 deep elf death magi
  10 black draconians
  A blizzard demon (Depths:5)
  A green death (D:15)
  15 ettins
  A merfolk impaler (Depths:2)
  4 jiangshi
  A crystal guardian (Vaults:4)
  12 fire dragons
  35 vault guards
  7 great orbs of eyes
  A great orb of eyes (shapeshifter) (Depths:5)
  13 yaktaur captains
  12 deep elf high priests
  5 rakshasas
  9 anacondas
  6 spriggan air magi
  16 naga warriors
  11 centaur warriors
  12 ice dragons
  8 alligators
  4 shambling mangroves
  29 hydras
  3 death knights
  47 two-headed ogres
  18 ogre magi
  5 catoblepae
  5 death yaks
  17 deep troll earth magi
  7 tengu warriors
  10 deep troll shamans
  Urug (Lair:6)
  7 orc high priests
  30 dancing weapons
  8 spriggan berserkers
  7 shock serpents
  12 naga sharpshooters
  6 vampire magi
  22 deep elf knights
  A sun demon (D:7)
  2 sixfirhies (D:15)
  3 iron trolls
  16 skeletal warriors
  A shadow wraith (Vaults:2)
  3 spark wasp zombies (Depths:5)
  2 unseen horrors (shapeshifter)
  A salamander mystic (Snake:3)
  2 sea snakes (Snake:1)
  42 deep trolls
  6 unseen horrors
  12 swamp dragons
  3 flayed ghosts (Vaults:3)
  3 glowing orange brains
  A shadow demon (D:12)
  A tengu zombie (Vaults:4)
  13 deep elf archers
  6 wizards
  2 spriggan druids
  12 ironbrand convokers
  2 necromancers
  A sphinx zombie (Vaults:4)
  9 naga ritualists
  18 spiny frogs
  4 harpies (Vaults:4)
  7 phantasmal warriors
  68 deep elf magi
  6 mana vipers
  5 orc sorcerers
  50 ugly things
  A salamander (shapeshifter) (Depths:5)
  2 shining eyes (shapeshifter)
  A mana viper (shapeshifter) (Vaults:5)
  5 oklob plants (Lair:5)
  27 orc knights
  A faun (shapeshifter) (Depths:5)
  A cyclops (shapeshifter) (Depths:5)
  A manticore (shapeshifter) (Depths:5)
  A moth of wrath (shapeshifter) (Vaults:4)
  2 manticores
  A fire giant zombie (Vaults:4)
  13 salamanders
  4 wolf spiders
  7 cyclopes
  A frost giant skeleton (Vaults:2)
  25 moths of wrath
  29 black mambas
  A black mamba (shapeshifter) (Depths:4)
  2 guardian serpents
  2 guardian serpents (shapeshifter)
  3 stone giant skeletons (Vaults:2)
  4 human skeletons (Vaults:2)
  An ice statue (IceCv)
  5 elephants (Lair:5)
  A rust devil (Depths:4)
  32 naga magi
  Maurice (D:10)
  13 vault sentinels
  2 orange demons
  3 gargoyles
  A smoke demon (D:5)
  5 kobold demonologists
  48 yaktaurs
  4 rime drakes
  An efreet (D:14)
  5 freezing wraiths
  An ice devil (Depths:4)
  6 komodo dragons
  A hellwing (D:5)
  A yaktaur skeleton (Vaults:2)
  A queen bee (shapeshifter) (Vaults:3)
  4 guardian mummies (D:14)
  5 red devils
  A tengu conjurer (D:15)
  12 tyrant leeches
  2 jumping spiders (Vaults:4)
  10 trolls
  A polar bear (shapeshifter) (Vaults:4)
  26 hornets
  A merfolk (shapeshifter) (Depths:5)
  18 polar bears
  A jumping spider (shapeshifter) (Depths:5)
  A wolf spider simulacrum (D:15)
  A blink frog (shapeshifter) (Vaults:4)
  2 hippogriffs (shapeshifter)
  A tyrant leech (shapeshifter) (Depths:4)
  14 bog bodies
  39 slime creatures
  7 blink frogs
  10 hippogriffs
  A meliai zombie (D:15)
  9 redbacks
  An ettin skeleton (Vaults:4)
  22 spriggans
  7 shadows
  3 air elementals
  2 wyverns
  A centaur simulacrum (D:15)
  Sigmund (D:3)
  A basilisk (shapeshifter) (Vaults:4)
  A hog (D:13)
  A yak (shapeshifter) (Depths:5)
  3 basilisks
  3 wraiths
  67 yaks
  2 hungry ghosts
  19 vampire mosquitoes
  6 golden eyes (D:10)
  6 water elementals
  5 fire elementals
  A human simulacrum (Vaults:3)
  7 insubstantial wisps
  11 wargs
  A naga (shapeshifter) (Depths:1)
  38 nagas
  4 acid dragons
  14 swamp worms
  A swamp worm (shapeshifter) (Depths:2)
  3 hell hounds (Snake:3)
  15 water moccasins
  A deep troll skeleton (Vaults:2)
  A floating eye (shapeshifter) (Elf:2)
  A floating eye (Depths:2)
  2 porcupines
  2 sky beasts
  14 swamp drakes
  60 orc warriors
  An eye of draining (D:11)
  4 phantoms
  3 black bears
  2 ice beasts
  17 centaurs
  43 ogres
  43 wolves
  17 boggarts
  18 crocodiles
  An orc skeleton (Vaults:2)
  8 big kobolds
  Blork the orc (D:5)
  17 bullfrogs
  2 gnoll sergeants (D:7)
  10 earth elementals
  4 scorpions
  16 killer bees
  2 vampire bats (D:8)
  10 wights
  2 howler monkeys
  4 electric eels
  9 crimson imps
  5 centaur zombies
  A quasit (D:15)
  2 bullfrog skeletons
  7 hounds
  8 centaur skeletons
  47 orc priests
  4 jellies
  26 orc wizards
  6 iguanas
  10 worker ants
  A hound zombie (D:6)
  A hound skeleton (D:4)
  4 mummies (D:14)
  A howler monkey skeleton (D:10)
  15 gnolls
  A river rat (Sewer)
  22 adders
  3 shadow imps
  12 white imps (Lair:1)
  An ufetubus (Depths:3)
  2 oozes
  An adder skeleton (D:6)
  An adder zombie (D:6)
  4 worms
  A dart slug (D:1)
  4 leopard geckos
  125 orcs
  2 bat skeletons (D:8)
  3 bat zombies (D:8)
  5 giant cockroaches
  11 goblins
  4 hobgoblins
  24 jackals
  13 quokkas
  6 ball pythons
  5 bats
  8 frilled lizards
  34 kobolds
  12 rats
  A briar patch (Swamp:4)
  2 crawling corpses (Elf:1)
  2 fire vortices (D:7)
  A plant (D:3)
2591 creatures vanquished.

Vanquished Creatures (collateral kills)
  A Brimstone Fiend (Depths:3)
  A death cob (Zot:5)
  A spiny frog (Lair:1)
  A polar bear (IceCv)
  2 wolves
  2 hounds (D:9)
8 creatures vanquished.

Vanquished Creatures (others)
  An orb of fire (Zot:5)
  A lich (D:7)
  A tentacled monstrosity (Zot:5)
  A fire giant (Depths:5)
  A draconian stormcaller (Zot:3)
  A red draconian (Zot:1)
  A deep elf knight (Elf:1)
  An unseen horror (D:13)
  A deep elf mage (Elf:3)
  A smoke demon (D:5)
  A polar bear (IceCv)
  A hornet (Lair:6)
  A spriggan (Lair:6)
  A water elemental (Depths:2)
  A yak (D:13)
  An ogre (Vaults:4)
  A boggart (Vaults:3)
  2 wolves (D:9)
  3 briar patches
  3 fungi
  6 plants
  94 spectral weapons
125 creatures vanquished.

Grand Total: 2724 creatures vanquished

Notes
Turn   | Place    | Note
-------+----------+-------------------------------------------
     0 | D:1      | MeekVeins the Gnoll Skald began the quest for the Orb.
     0 | D:1      | Reached XP level 1. HP: 20/20 MP: 6/6
   114 | D:1      | Reached XP level 2. HP: 26/26 MP: 3/7
   697 | D:1      | Reached XP level 3. HP: 26/31 MP: 2/9
   771 | D:1      | Reached skill level 5 in Spellcasting
   777 | D:1      | Learned a level 2 spell: Shroud of Golubria
   781 | D:1      | Learned a level 3 spell: Spectral Weapon
   797 | D:1      | Learned a level 3 spell: Regeneration
   955 | D:2      | Reached skill level 1 in Invocations
  1055 | D:2      | Reached skill level 1 in Short Blades
  1055 | D:2      | Reached skill level 1 in Long Blades
  1055 | D:2      | Reached skill level 1 in Axes
  1055 | D:2      | Reached skill level 1 in Maces & Flails
  1055 | D:2      | Reached skill level 1 in Staves
  1055 | D:2      | Reached skill level 1 in Slings
  1055 | D:2      | Reached skill level 1 in Bows
  1055 | D:2      | Reached skill level 1 in Crossbows
  1055 | D:2      | Reached skill level 1 in Throwing
  1055 | D:2      | Reached skill level 1 in Stealth
  1055 | D:2      | Reached skill level 1 in Shields
  1055 | D:2      | Reached skill level 1 in Unarmed Combat
  1055 | D:2      | Reached skill level 1 in Evocations
  1289 | D:2      | Reached XP level 4. HP: 35/38 MP: 8/11
  1454 | D:2      | Found a shadowy altar of Dithmenos.
  2052 | D:3      | Reached skill level 1 in Conjurations
  2052 | D:3      | Reached skill level 1 in Hexes
  2052 | D:3      | Reached skill level 1 in Summonings
  2052 | D:3      | Reached skill level 1 in Necromancy
  2052 | D:3      | Reached skill level 1 in Translocations
  2052 | D:3      | Reached skill level 1 in Transmutations
  2052 | D:3      | Reached skill level 1 in Fire Magic
  2052 | D:3      | Reached skill level 1 in Ice Magic
  2052 | D:3      | Reached skill level 1 in Air Magic
  2052 | D:3      | Reached skill level 1 in Earth Magic
  2052 | D:3      | Reached skill level 1 in Poison Magic
  2234 | D:3      | Found a sacrificial altar of Ru.
  2269 | D:3      | Reached XP level 5. HP: 31/43 MP: 9/12
  2491 | D:3      | Found a glowing drain.
  2505 | Sewer    | Entered a sewer
  2584 | Sewer    | Noticed a big kobold
  2618 | Sewer    | Killed a big kobold
  2618 | Sewer    | Reached XP level 6. HP: 44/50 MP: 13/13
  2712 | Sewer    | Found a white marble altar of Elyvilon.
  3036 | D:3      | Found a snail-covered altar of Cheibriados.
  3187 | D:3      | Noticed Sigmund
  3264 | D:4      | Reached skill level 5 in Fighting
  3264 | D:4      | Reached skill level 5 in Polearms
  3264 | D:4      | Reached skill level 5 in Dodging
  3284 | D:4      | Reached skill level 2 in Shields
  3315 | D:4      | Found an iron altar of Okawaru.
  3518 | D:4      | Found a shimmering blue altar of Sif Muna.
  3639 | D:4      | Found a staircase to the Ecumenical Temple.
  3648 | Temple   | Entered the Ecumenical Temple
  3941 | D:4      | Became a worshipper of Warmaster Okawaru
  4067 | D:4      | Reached XP level 7. HP: 47/56 MP: 15/15
  4598 | D:5      | Entered Level 5 of the Dungeon
  4691 | D:5      | Noticed Blork the orc
  4926 | D:5      | Got a fine hunting sling
  4986 | D:5      | Found a radiant altar of Vehumet.
  4986 | D:5      | Found a burning altar of Makhleb.
  5072 | D:5      | Identified the +10 hunting sling "Xysyfaes" {velocity,
                  | *Contam +Blink rElec Int+3} (You found it on level 5 of the
                  | Dungeon)
  5362 | D:5      | Killed Blork the orc
  5362 | D:5      | Reached * piety under Okawaru
  5362 | D:5      | Reached XP level 8. HP: 63/63 MP: 10/16
  5514 | D:3      | Killed Sigmund
  5514 | D:3      | Reached skill level 3 in Shields
  5776 | D:3      | Found a blossoming altar of Fedhas.
  5776 | D:3      | Found an opulent altar of Gozag.
  5777 | D:3      | Found a stormy altar of Qazlal.
  6157 | D:6      | Found a hide-covered altar of Uskayaw.
  6238 | D:6      | Found an iron altar of Okawaru.
  6834 | D:6      | Reached ** piety under Okawaru
  7059 | D:7      | Reached XP level 9. HP: 60/69 MP: 18/18
  7285 | D:7      | Identified the +8 chain mail of the Manifold Eyes {rF+ MR+}
  7335 | D:7      | Reached skill level 4 in Shields
  7742 | D:7      | Reached skill level 5 in Armour
  8088 | D:7      | Found a shimmering altar of Xom.
  8204 | D:8      | Reached *** piety under Okawaru
  8226 | D:8      | Found Waop's Magic Scroll Emporium.
  8252 | D:8      | Bought 2 scrolls of identify for 60 gold pieces
  8252 | D:8      | Bought a scroll of fog for 30 gold pieces
  8288 | D:8      | Reached skill level 5 in Invocations
  8626 | D:8      | Found Kagamouz's Book Shoppe.
  8688 | D:8      | Found Zimofaul's Magic Scroll Emporium.
  8699 | D:8      | Bought a scroll of identify for 26 gold pieces
  8699 | D:8      | Bought a scroll of magic mapping for 45 gold pieces
  8796 | D:8      | Found an ancient bone altar of Kikubaaqudgha.
  8903 | D:9      | Reached XP level 10. HP: 77/77 MP: 20/20
  9030 | D:9      | Found Vigromat's Jewellery Emporium.
  9051 | D:9      | Reached **** piety under Okawaru
  9092 | D:9      | Noticed a two-headed ogre
  9098 | D:9      | Killed a two-headed ogre
  9098 | D:9      | Reached skill level 5 in Short Blades
  9098 | D:9      | Reached skill level 5 in Long Blades
  9098 | D:9      | Reached skill level 5 in Axes
  9098 | D:9      | Reached skill level 5 in Maces & Flails
  9098 | D:9      | Reached skill level 5 in Staves
  9098 | D:9      | Reached skill level 5 in Slings
  9098 | D:9      | Reached skill level 5 in Bows
  9098 | D:9      | Reached skill level 5 in Crossbows
  9098 | D:9      | Reached skill level 5 in Throwing
  9098 | D:9      | Reached skill level 5 in Stealth
  9098 | D:9      | Reached skill level 5 in Shields
  9098 | D:9      | Reached skill level 5 in Unarmed Combat
  9098 | D:9      | Reached skill level 5 in Evocations
  9224 | D:9      | Received a gift from Okawaru
  9237 | D:9      | Found a staircase to the Lair.
  9359 | D:9      | Reached ***** piety under Okawaru
  9374 | D:9      | Found a glowing silver altar of Zin.
  9643 | D:9      | Found a staircase to the Orcish Mines.
  9677 | D:9      | Reached XP level 11. HP: 82/84 MP: 22/22
  9966 | D:10     | Entered Level 10 of the Dungeon
 10495 | D:10     | You fall into a shaft and drop 3 floors!
 10495 | D:13     | Noticed a cyclops
 10497 | D:13     | Killed a cyclops
 10561 | D:13     | Reached skill level 6 in Shields
 10577 | D:13     | Reached skill level 5 in Conjurations
 10577 | D:13     | Reached skill level 5 in Hexes
 10577 | D:13     | Reached skill level 5 in Summonings
 10577 | D:13     | Reached skill level 5 in Necromancy
 10577 | D:13     | Reached skill level 5 in Translocations
 10577 | D:13     | Reached skill level 5 in Transmutations
 10577 | D:13     | Reached skill level 5 in Fire Magic
 10577 | D:13     | Reached skill level 5 in Ice Magic
 10577 | D:13     | Reached skill level 5 in Air Magic
 10577 | D:13     | Reached skill level 5 in Earth Magic
 10577 | D:13     | Reached skill level 5 in Poison Magic
 10660 | D:13     | Noticed an unseen horror
 10663 | D:13     | Killed an unseen horror
 10673 | D:13     | Received a gift from Okawaru
 10706 | D:13     | Noticed Sonja
 10709 | D:13     | Noticed Sonja
 10709 | D:13     | Sonja changed into Sonja the hog
 10717 | D:13     | Killed Sonja the hog
 11009 | D:12     | Found a hide-covered altar of Uskayaw.
 11145 | D:11     | Found a bloodstained altar of Trog.
 11145 | D:11     | Noticed a deep elf mage
 11153 | D:11     | Killed a deep elf mage
 11285 | D:10     | Noticed Maurice
 11321 | D:10     | Killed Maurice
 11348 | D:10     | Reached ****** piety under Okawaru
 11443 | D:10     | Found a portal to a secret trove of treasure.
 11581 | D:10     | Noticed an unseen horror
 11587 | D:10     | Killed an unseen horror
 11587 | D:10     | Received a gift from Okawaru
 11757 | D:11     | Noticed Gastronok
 11921 | D:10     | Reached XP level 12. HP: 91/93 MP: 24/24
 12021 | D:11     | Noticed a two-headed ogre
 12036 | D:11     | Killed a two-headed ogre
 12430 | D:11     | Killed Gastronok
 12430 | D:11     | Received a gift from Okawaru
 12430 | D:11     | Reached skill level 7 in Shields
 12431 | D:11     | Got a scorched longbow {god gift}
 12802 | Lair:1   | Entered Level 1 of the Lair of Beasts
 12848 | D:9      | Bought an uncursed ring of protection from cold for 375
                  | gold pieces
 12899 | Lair:1   | You fall into a shaft and drop 1 floor!
 12899 | Lair:2   | Found a staircase to the Snake Pit.
 13089 | Lair:1   | Found a frozen archway.
 13127 | IceCv    | Entered an ice cave
 13323 | IceCv    | Received a gift from Okawaru
 13447 | IceCv    | Received a gift from Okawaru
 13552 | IceCv    | Reached XP level 13. HP: 101/101 MP: 26/26
 13560 | IceCv    | Received a gift from Okawaru
 13923 | IceCv    | Noticed a frost giant
 13954 | IceCv    | Killed a frost giant
 13954 | IceCv    | Reached skill level 8 in Shields
 14066 | IceCv    | Identified the +8 longbow of Ambiguity {god gift, venom,
                  | rF- rC+ Int+3 Dex+7} (Okawaru gifted it to you on level 11
                  | of the Dungeon)
 14195 | IceCv    | Got a bound lead ring
 14197 | IceCv    | Identified the ring "Jull" {Ice MP+9 Int+4} (You found it
                  | in an ice cave)
 14541 | Lair:1   | You fall into a shaft and drop 1 floor!
 14541 | Lair:2   | Found a transporter.
 14541 | Lair:2   | Noticed Wuvuatt's ghost (journeyman MiBe)
 14542 | Lair:2   | Found a transporter.
 14688 | Lair:2   | Received a gift from Okawaru
 14926 | Lair:2   | Received a gift from Okawaru
 15044 | Lair:2   | You fall into a shaft and drop 2 floors!
 15094 | Lair:4   | You fall into a shaft and drop 1 floor!
 15792 | Lair:3   | Reached skill level 10 in Spellcasting
 15797 | Lair:3   | Reached XP level 14. HP: 84/109 MP: 21/28
 16207 | Lair:3   | Reached skill level 10 in Fighting
 16207 | Lair:3   | Reached skill level 10 in Polearms
 16207 | Lair:3   | Reached skill level 10 in Dodging
 16404 | Lair:3   | Received a gift from Okawaru
 16406 | Lair:3   | Found a staircase to the Swamp.
 16885 | Lair:2   | Reached skill level 9 in Shields
 17642 | Lair:4   | Found a runed translucent gate.
 17642 | Lair:4   | Found a runed translucent gate.
 17642 | Lair:4   | Found a runed translucent gate.
 17643 | Lair:4   | Noticed Bananafolds's ghost (journeyman MfSk)
 18043 | Lair:5   | Found a staircase to the Slime Pits.
 18043 | Lair:5   | Found a viscous altar of Jiyva.
 18903 | Lair:6   | Entered Level 6 of the Lair of Beasts
 18903 | Lair:6   | Noticed Urug
 18915 | Lair:6   | Killed Urug
 18915 | Lair:6   | Reached skill level 10 in Invocations
 19643 | Lair:6   | Received a gift from Okawaru
 19912 | Lair:6   | Received a gift from Okawaru
 20033 | Lair:6   | Reached XP level 15. HP: 117/117 MP: 29/29
 20500 | Lair:5   | Received a gift from Okawaru
 21137 | Orc:1    | Entered Level 1 of the Orcish Mines
 21143 | Orc:1    | Reached skill level 10 in Armour
 21576 | Orc:2    | Entered Level 2 of the Orcish Mines
 21727 | Orc:2    | Noticed Donald
 21931 | Orc:2    | Killed Donald
 22256 | Orc:2    | Received a gift from Okawaru
 22257 | Orc:2    | Got a pair of heavily runed gloves {god gift}
 22271 | Orc:2    | Identified the +1 pair of gloves of Gravity {god gift,
                  | Dex+2} (Okawaru gifted it to you on level 2 of the Orcish
                  | Mines)
 22507 | Orc:2    | Reached skill level 10 in Charms
 22885 | Orc:2    | Reached skill level 10 in Short Blades
 22885 | Orc:2    | Reached skill level 10 in Long Blades
 22885 | Orc:2    | Reached skill level 10 in Axes
 22885 | Orc:2    | Reached skill level 10 in Maces & Flails
 22885 | Orc:2    | Reached skill level 10 in Staves
 22885 | Orc:2    | Reached skill level 10 in Slings
 22885 | Orc:2    | Reached skill level 10 in Bows
 22885 | Orc:2    | Reached skill level 10 in Crossbows
 22885 | Orc:2    | Reached skill level 10 in Throwing
 22885 | Orc:2    | Reached skill level 10 in Stealth
 22885 | Orc:2    | Reached skill level 10 in Shields
 22885 | Orc:2    | Reached skill level 10 in Unarmed Combat
 22885 | Orc:2    | Reached skill level 10 in Evocations
 23086 | Orc:2    | Found Notalog's Antique Weapon Shop.
 23089 | Orc:2    | Found Hefioc's Jewellery Shop.
 23090 | Orc:2    | Found Fofi Haqua's Gadget Shop.
 23091 | Orc:2    | Found Quem's Antique Armour Boutique.
 23354 | Orc:2    | Found a staircase to the Elven Halls.
 23903 | D:12     | Found Vaklysir's Armour Emporium.
 23951 | D:12     | Identified the cursed +1 ring mail "Rizegaeg" {rF+ Stlth+}
 24128 | D:12     | Found Diczoxt's Gadget Shop.
 24580 | D:12     | Identified the +1 shortbow of Techum {velocity, rC- Dex+6}
 24700 | D:12     | Got a slimy lajatang
 24706 | D:12     | Got a steaming amber ring
 24708 | D:12     | Identified the ring of Busehog {AC+3 Dex+6} (You found it
                  | on level 12 of the Dungeon)
 25464 | D:14     | Noticed a sphinx
 25468 | D:14     | Found a runed translucent door.
 25522 | D:14     | Found a gate to the Vaults.
 25532 | D:14     | Received a gift from Okawaru
 25532 | D:14     | Reached XP level 16. HP: 85/125 MP: 31/31
 26487 | D:15     | Entered Level 15 of the Dungeon
 26600 | D:15     | Paralysed by an ogre mage for 7 turns
 26640 | D:15     | Received a gift from Okawaru
 27546 | D:15     | Received a gift from Okawaru
 27589 | D:15     | Found a staircase to the Depths.
 27920 | D:8      | Bought a scroll of identify for 26 gold pieces
 27920 | D:8      | Bought a scroll of summoning for 123 gold pieces
 27945 | D:8      | Bought a scroll of identify for 30 gold pieces
 27945 | D:8      | Bought a scroll of identify for 30 gold pieces
 27948 | D:8      | Learned a level 2 spell: Blink
 27950 | D:8      | Learned a level 1 spell: Confusing Touch
 28098 | Orc:2    | Bought an uncursed ring of protection from magic for 375
                  | gold pieces
 28261 | Snake:1  | Entered Level 1 of the Snake Pit
 29247 | Snake:1  | Got an ichor-stained morningstar
 29292 | Snake:1  | Reached skill level 11 in Shields
 29380 | Snake:2  | Noticed Aizul
 29395 | Snake:2  | Killed Aizul
 29416 | Snake:2  | Reached XP level 17. HP: 133/133 MP: 28/33
 29810 | Snake:2  | Noticed Jorgrun
 29825 | Snake:2  | Killed Jorgrun
 29905 | Snake:2  | Noticed Vashnia
 29968 | Snake:2  | Killed Vashnia
 29968 | Snake:2  | Received a gift from Okawaru
 29968 | Snake:2  | Received a gift from Okawaru
 29974 | Snake:2  | Got an iridescent demon whip {god gift}
 30816 | Snake:3  | Noticed Louise
 30837 | Snake:3  | Killed Louise
 30929 | Snake:3  | Noticed Azrael
 30944 | Snake:3  | Killed Azrael
 30955 | Snake:3  | Received a gift from Okawaru
 31285 | Snake:3  | Received a gift from Okawaru
 31309 | Snake:3  | Got a topaz-encrusted crystal plate armour {god gift}
 31325 | Snake:3  | Identified the +10 crystal plate armour of Okawaru's Hope
                  | {god gift, rF+ Str+3 Stlth+} (Okawaru gifted it to you on
                  | level 3 of the Snake Pit)
 31955 | Snake:3  | Reached skill level 10 in Conjurations
 31955 | Snake:3  | Reached skill level 10 in Hexes
 31955 | Snake:3  | Reached skill level 10 in Summonings
 31955 | Snake:3  | Reached skill level 10 in Necromancy
 31955 | Snake:3  | Reached skill level 10 in Translocations
 31955 | Snake:3  | Reached skill level 10 in Transmutations
 31955 | Snake:3  | Reached skill level 10 in Fire Magic
 31955 | Snake:3  | Reached skill level 10 in Ice Magic
 31955 | Snake:3  | Reached skill level 10 in Air Magic
 31955 | Snake:3  | Reached skill level 10 in Earth Magic
 31955 | Snake:3  | Reached skill level 10 in Poison Magic
 32312 | Snake:3  | Reached XP level 18. HP: 141/141 MP: 34/34
 32685 | Snake:4  | Entered Level 4 of the Snake Pit
 33111 | Snake:4  | Found Yzeugoz's Distillery.
 33259 | Snake:4  | Received a gift from Okawaru
 33268 | Snake:4  | Noticed Agnes
 33277 | Snake:4  | Killed Agnes
 33498 | Snake:1  | Identified the +2 demon whip of Extermination {god gift,
                  | slash, rC+ Str+3} (Okawaru gifted it to you on level 2 of
                  | the Snake Pit)
 33500 | Snake:1  | Identified the +8 morningstar "Nenis" {holy, *Drain rC++}
                  | (You found it on level 1 of the Snake Pit)
 33798 | Snake:1  | Identified the cursed +2 lajatang of Gallantry {antimagic,
                  | rPois Str+3 Int-2 Stlth+} (You found it on level 12 of the
                  | Dungeon)
 33967 | Snake:4  | Received a gift from Okawaru
 33995 | Snake:4  | Reached skill level 12 in Shields
 34024 | Snake:4  | Received a gift from Okawaru
 34414 | Snake:4  | Got a serpentine rune of Zot
 34939 | D:14     | Identified the +2 trident "Abut" {god gift, pain, rPois rC-
                  | Int+5} (Okawaru gifted it to you on level 14 of the
                  | Dungeon)
 35062 | D:8      | Bought a scroll of enchant weapon for 112 gold pieces
 35176 | Swamp:1  | Entered Level 1 of the Swamp
 35243 | Swamp:1  | Received a gift from Okawaru
 35497 | Swamp:1  | Received a gift from Okawaru
 35597 | Swamp:1  | Got a scorched hand axe
 35986 | Swamp:2  | Received a gift from Okawaru
 36117 | Swamp:2  | Received a gift from Okawaru
 36528 | Swamp:2  | Identified a scroll of acquirement
 36535 | Swamp:2  | Got a pair of warped boots
 36546 | Swamp:2  | Identified the +1 pair of boots "Lasyvev" {*Contam SInv
                  | Stlth+} (You acquired it on level 2 of the Swamp)
 36951 | Swamp:3  | Received a gift from Okawaru
 36967 | Swamp:3  | Reached XP level 19. HP: 136/149 MP: 26/36
 36990 | Swamp:3  | Got a translucent quarterstaff {god gift}
 37609 | Swamp:4  | Entered Level 4 of the Swamp
 37771 | Swamp:4  | Identified the +7 quarterstaff of Action {god gift, crush,
                  | rF+} (Okawaru gifted it to you on level 3 of the Swamp)
 37861 | Swamp:4  | Received a gift from Okawaru
 38021 | Swamp:4  | Got a decaying rune of Zot
 38650 | Elf:1    | Entered Level 1 of the Elven Halls
 39154 | Elf:1    | Received a gift from Okawaru
 39826 | Elf:2    | Received a gift from Okawaru
 40081 | Elf:2    | Reached XP level 20. HP: 154/157 MP: 37/37
 40147 | Elf:2    | Paralysed by a floating eye for 2 turns
 40276 | Elf:2    | Found Lopuarif's Armour Shop.
 40297 | Elf:2    | Reached skill level 13 in Shields
 40499 | Elf:2    | Found a huge runed translucent gate.
 40499 | Elf:2    | Found a huge runed translucent gate.
 40499 | Elf:2    | Found a huge runed translucent gate.
 40499 | Elf:2    | Found a huge runed translucent gate.
 40500 | Elf:2    | Found a huge runed translucent gate.
 40754 | Elf:2    | Received a gift from Okawaru
 40997 | Elf:2    | Received a gift from Okawaru
 41236 | Elf:3    | Entered Level 3 of the Elven Halls
 41351 | Elf:3    | Received a gift from Okawaru
 41925 | Elf:3    | Identified the +1 scimitar of Magnificence {speed, rF+
                  | Str+2 SInv}
 42214 | Elf:3    | Identified the cursed +1 hand axe of Past Mistakes {chop,
                  | rElec}
 42392 | Elf:3    | Noticed a Brimstone Fiend
 42692 | Elf:3    | Identified the Guide on Supportive Transmutation
 42701 | Elf:3    | Identified the +5 hand crossbow of the Spinneret {speed,
                  | rC+++ rN+} (You found it on level 3 of the Elven Halls)
 42886 | Elf:3    | Identified Sif Muna's Compendium of Hexes and Transmutation
 43969 | Vaults:1 | Entered Level 1 of the Vaults
 43969 | Vaults:1 | Found Qiottul's Food Shoppe.
 43981 | Vaults:1 | Reached XP level 21. HP: 124/165 MP: 36/39
 44079 | Vaults:1 | Received a gift from Okawaru
 44251 | Vaults:1 | Received a gift from Okawaru
 44767 | Vaults:1 | Reached skill level 14 in Shields
 45583 | Vaults:2 | Noticed Asterion
 45612 | Vaults:2 | Killed Asterion
 45612 | Vaults:2 | Reached skill level 15 in Invocations
 45738 | Vaults:2 | Received a gift from Okawaru
 46101 | Vaults:2 | Received a gift from Okawaru
 46878 | Vaults:2 | Reached XP level 22. HP: 173/173 MP: 40/40
 46985 | Vaults:2 | Found a staircase to the Crypt.
 47400 | Vaults:3 | Received a gift from Okawaru
 47461 | Vaults:3 | Reached skill level 15 in Shields
 47581 | Vaults:3 | Reached skill level 15 in Spellcasting
 47797 | Vaults:3 | Noticed Boris
 47826 | Vaults:3 | Reached skill level 15 in Fighting
 47826 | Vaults:3 | Reached skill level 15 in Polearms
 47826 | Vaults:3 | Reached skill level 15 in Dodging
 47897 | Vaults:3 | Killed Boris
 47897 | Vaults:3 | Received a gift from Okawaru
 48634 | Vaults:4 | Noticed Sojobo
 48784 | Vaults:4 | Received a gift from Okawaru
 48839 | Vaults:4 | Killed Sojobo
 48929 | Vaults:4 | Received a gift from Okawaru
 48941 | Vaults:4 | Reached XP level 23. HP: 172/181 MP: 42/42
 49293 | Vaults:4 | Reached skill level 15 in Armour
 49300 | Vaults:4 | Reached skill level 16 in Shields
 49935 | Vaults:4 | Gained mutation: You tend to lose your temper in combat. [a
                  | shining eye]
 50211 | Vaults:4 | Lost mutation: You tend to lose your temper in combat.
                  | [potion of mutation]
 50211 | Vaults:4 | Gained mutation: Your flesh is heat resistant. (rF+)
                  | [potion of mutation]
 50211 | Vaults:4 | Gained mutation: You are somewhat resistant to further
                  | mutation. [potion of mutation]
 50211 | Vaults:4 | Gained mutation: Your movements are slightly less
                  | encumbered by armour. (ER -2) [potion of mutation]
 50378 | Depths:1 | Entered Level 1 of the Depths
 50420 | Depths:1 | Received a gift from Okawaru
 50483 | Depths:1 | Reached skill level 15 in Short Blades
 50483 | Depths:1 | Reached skill level 15 in Long Blades
 50483 | Depths:1 | Reached skill level 15 in Axes
 50483 | Depths:1 | Reached skill level 15 in Maces & Flails
 50483 | Depths:1 | Reached skill level 15 in Staves
 50483 | Depths:1 | Reached skill level 15 in Slings
 50483 | Depths:1 | Reached skill level 15 in Bows
 50483 | Depths:1 | Reached skill level 15 in Crossbows
 50483 | Depths:1 | Reached skill level 15 in Throwing
 50483 | Depths:1 | Reached skill level 15 in Stealth
 50483 | Depths:1 | Reached skill level 15 in Unarmed Combat
 50483 | Depths:1 | Reached skill level 15 in Evocations
 50572 | Depths:1 | Received a gift from Okawaru
 50808 | Depths:1 | Received a gift from Okawaru
 51386 | Depths:1 | Found a gateway to Hell.
 52127 | Depths:2 | Noticed Boris
 52140 | Depths:2 | Killed Boris
 52143 | Depths:2 | Reached XP level 24. HP: 134/190 MP: 38/42
 52388 | Depths:2 | Received a gift from Okawaru
 52456 | Depths:2 | Noticed a caustic shrike
 52490 | Depths:2 | Killed a caustic shrike
 52490 | Depths:2 | Received a gift from Okawaru
 52496 | Depths:2 | Reached skill level 17 in Shields
 53024 | Depths:3 | Found a runed translucent door.
 53089 | Depths:3 | Noticed the Enchantress
 53115 | Depths:3 | Killed the Enchantress
 53191 | Depths:3 | Noticed a caustic shrike
 53200 | Depths:3 | Killed a caustic shrike
 53413 | Depths:3 | Reached skill level 15 in Translocations
 53620 | Depths:3 | You fall into a shaft and drop 2 floors!
 53620 | Depths:5 | Entered Level 5 of the Depths
 53736 | Depths:5 | Received a gift from Okawaru
 53739 | Depths:5 | Identified a +0 pair of boots of running {god gift}
                  | (Okawaru gifted it to you on level 5 of the Depths)
 53968 | Depths:5 | Noticed a caustic shrike
 53996 | Depths:5 | Killed a caustic shrike
 54284 | Depths:5 | Noticed a caustic shrike
 54288 | Depths:5 | Reached XP level 25. HP: 197/197 MP: 41/43
 54391 | Depths:5 | Found a gate to the Realm of Zot.
 54496 | Depths:5 | Noticed a juggernaut
 54515 | Depths:5 | Killed a juggernaut
 54595 | Depths:5 | Reached skill level 18 in Shields
 54647 | Depths:5 | Learned a level 5 spell: Yara's Violent Unravelling
 54821 | Depths:5 | Received a gift from Okawaru
 55362 | Depths:5 | Received a gift from Okawaru
 55609 | Depths:4 | Found a gateway to a ziggurat.
 55698 | Depths:4 | Received a gift from Okawaru
 55832 | Depths:4 | Noticed a juggernaut
 55849 | Depths:4 | Killed a juggernaut
 55910 | Depths:4 | Found the amulet of Vitality {Regen+ HP+15}
 55991 | Depths:4 | Identified the amulet of Jokaeliumm {Harm *Drain rC+ Int+4
                  | Stlth+} (You found it on level 4 of the Depths)
 55993 | Depths:4 | Identified the amulet of Vunku {Spirit +Fly rF++ rC+
                  | Stlth+} (You found it on level 4 of the Depths)
 56294 | Depths:4 | Received a gift from Okawaru
 56317 | Depths:4 | Found a one-way gate to the infinite horrors of the Abyss.
 56341 | Depths:4 | Reached XP level 26. HP: 200/207 MP: 39/43
 56585 | Depths:4 | Found a one-way gate leading to the halls of Pandemonium.
 56771 | Depths:3 | Reached skill level 15 in Charms
 57036 | Depths:3 | Noticed Polaczum's ghost (adept TrMo)
 57460 | Vaults:5 | Entered Level 5 of the Vaults
 57477 | Vaults:4 | Received a gift from Okawaru
 57669 | Vaults:4 | Reached skill level 19 in Shields
 58032 | Vaults:5 | Identified the +4 executioner's axe of Kayth {freeze, rF+
                  | MR+ Str-5 Int+5}
 58081 | Vaults:5 | Identified the ring "Rostri" {rF- EV+5 Int+2 SInv}
 58315 | Vaults:5 | Identified the +10 plate armour "Biuppuickui" {+Blink rN+}
                  | (You found it on level 5 of the Vaults)
 58467 | Vaults:5 | Identified the cursed +0 troll leather armour "Uttamon"
                  | {rPois Regen+ Str+2 Dex-4 SInv}
 58565 | Vaults:5 | Received a gift from Okawaru
 58948 | Vaults:5 | Identified Witchery, Part Three
 58954 | Vaults:5 | Got a silver rune of Zot
 58956 | Vaults:5 | Identified the +5 glaive "Abbo" {chop, rF+} (You found it
                  | on level 5 of the Vaults)
 59090 | Vaults:5 | Reached XP level 27. HP: 215/215 MP: 39/44
 59173 | Vaults:5 | Received a gift from Okawaru
 59174 | Vaults:5 | Found the +4 robe of Augmentation {god gift, Str+4 Int+4
                  | Dex+4}
 59720 | Vaults:5 | Identified the cursed +0 acid dragon scales "Ixuis" {MR+
                  | rCorr} (You found it on level 5 of the Vaults)
 59723 | Vaults:5 | Learned a level 1 spell: Summon Butterflies
 59729 | Vaults:5 | Learned a level 5 spell: Borgnjor's Vile Clutch
 59736 | Vaults:5 | Learned a level 6 spell: Deflect Missiles
 59742 | Vaults:5 | Learned a level 5 spell: Summon Mana Viper
 59750 | Vaults:5 | Learned a level 6 spell: Invisibility
 59756 | Vaults:5 | Learned a level 5 spell: Irradiate
 59763 | Vaults:5 | Learned a level 6 spell: Death Channel
 59852 | Vaults:4 | Got a twitching steel amulet
 59853 | Vaults:4 | Identified the amulet of the Philosopher {Spirit *Drain
                  | Fragile MR+ Str+4 SInv} (You acquired it on level 4 of the
                  | Vaults)
 60005 | D:12     | Bought a +1 shield of positive energy for 162 gold pieces
 60252 | Snake:4  | Bought a potion of agility for 60 gold pieces
 60252 | Snake:4  | Bought a potion of might for 60 gold pieces
 60252 | Snake:4  | Bought a potion of haste for 150 gold pieces
 60252 | Snake:4  | Bought 2 potions of brilliance for 120 gold pieces
 60252 | Snake:4  | Bought a potion of haste for 150 gold pieces
 60252 | Snake:4  | Bought 2 potions of brilliance for 120 gold pieces
 60698 | Orc:2    | Bought a wand of acid (7) for 330 gold pieces
 60698 | Orc:2    | Bought a wand of digging (4) for 240 gold pieces
 61096 | Zot:1    | Entered Level 1 of the Realm of Zot
 62006 | Zot:1    | Reached skill level 20 in Shields
 62521 | Zot:2    | Received a gift from Okawaru
 62701 | Zot:2    | Found a huge runed gate.
 62701 | Zot:2    | Found a huge runed gate.
 62702 | Zot:2    | Found a huge runed gate.
 62702 | Zot:2    | Found a huge runed gate.
 62707 | Zot:2    | Found a huge runed gate.
 62708 | Zot:2    | Found a huge runed gate.
 62715 | Zot:2    | Reached skill level 15 in Conjurations
 62715 | Zot:2    | Reached skill level 15 in Hexes
 62715 | Zot:2    | Reached skill level 15 in Summonings
 62715 | Zot:2    | Reached skill level 15 in Necromancy
 62715 | Zot:2    | Reached skill level 15 in Transmutations
 62715 | Zot:2    | Reached skill level 15 in Fire Magic
 62715 | Zot:2    | Reached skill level 15 in Ice Magic
 62715 | Zot:2    | Reached skill level 15 in Air Magic
 62715 | Zot:2    | Reached skill level 15 in Earth Magic
 62715 | Zot:2    | Reached skill level 15 in Poison Magic
 62742 | Zot:2    | Found a huge runed gate.
 62743 | Zot:2    | Found a huge runed gate.
 62747 | Zot:2    | Found a huge runed gate.
 62747 | Zot:2    | Found a huge runed gate.
 62761 | Zot:2    | Found a huge runed gate.
 62764 | Zot:2    | Found a huge runed gate.
 63297 | Zot:2    | You fall into a shaft and drop 1 floor!
 63520 | Zot:2    | Received a gift from Okawaru
 63882 | Zot:2    | Noticed an orb of fire
 63902 | Zot:2    | Killed an orb of fire
 63972 | Zot:2    | Found a huge runed gate.
 64061 | Zot:3    | Noticed an orb of fire
 64726 | Zot:3    | Killed an orb of fire
 64726 | Zot:3    | Received a gift from Okawaru
 65829 | Zot:5    | Entered Level 5 of the Realm of Zot
 65852 | Zot:5    | Reached skill level 21 in Shields
 66784 | Zot:5    | Noticed an orb of fire
 66804 | Zot:5    | Killed an orb of fire
 66816 | Zot:5    | Received a gift from Okawaru
 66834 | Zot:5    | Noticed an orb of fire
 66854 | Zot:5    | Killed an orb of fire
 66854 | Zot:5    | Received a gift from Okawaru
 66855 | Zot:5    | Noticed an orb of fire
 66869 | Zot:5    | Killed an orb of fire
 66907 | Zot:5    | Received a gift from Okawaru
 66952 | Zot:5    | Noticed an ancient lich
 66966 | Zot:5    | Killed an ancient lich
 67022 | Zot:5    | Noticed an ancient lich
 67032 | Zot:5    | Killed an ancient lich
 67158 | Zot:5    | Noticed an orb of fire
 67278 | Zot:5    | Noticed an orb of fire
 67302 | Zot:5    | Killed an orb of fire
 67319 | Zot:5    | Received a gift from Okawaru
 67322 | Zot:5    | Noticed an orb of fire
 67345 | Zot:5    | Killed an orb of fire
 67345 | Zot:5    | Reached skill level 22 in Shields
 67372 | Zot:5    | Noticed an ancient lich
 67387 | Zot:5    | Killed an ancient lich
 67458 | Zot:5    | Noticed an ancient lich
 67459 | Zot:5    | Killed an orb of fire
 67469 | Zot:5    | Killed an ancient lich
 67609 | Zot:5    | Got the Orb of Zot
 67672 | Zot:2    | Received a gift from Okawaru
 67872 | D:15     | Gained mutation: Scrolls take you a little longer to read.
                  | [a cacodemon]
 68085 | D:7      | Noticed Iselopam the pandemonium lord
 68096 | D:7      | Killed Iselopam the pandemonium lord
 68358 | D:$      | Escaped with the Orb!

Levels and vault maps discovered:
D:1:      ebering_trefoil_twist, layout_loops_corners,
          minmay_misc_feat_diagonals
D:2:      layout_basic, lemuel_round_altar, first_ration
D:3:      wad_woods_stonehenge, layout_loops_corners,
          nicolae_overflow_crystal_walls, gammafunk_temple_overflow_forgotten,
          gup_sewer_entry_bubbles, uniq_sigmund
D:4:      layout_basic, tgw_sif, minmay_temple_entry_gardened_gates,
          okawaru_ov_weapons_minmay
D:5:      layout_loops_cross, grunt_temple_overflow_lords_of_destruction,
          uniq_blork_the_orc
D:6:      layout_loops_corners, kennysheep_mini, nicolae_overflow_hidden_temple
D:7:      layout_loops_ring, marbit_many_paths
D:8:      layout_loops_cross, kennysheep_vampire_church, serial_shops,
          nicolae_shop_window_shopping, shop, shop
D:9:      layout_small_grid, lemuel_round_altar, erik_lair_island, erik_orc_1,
          serial_shops, shop
D:10:     layout_roguey, enter_trove_3, grunt_ogre_cave, uniq_maurice
D:11:     layout_irregular_city, david_defended_altar_elf, uniq_gastronok
D:12:     minmay_the_grid_triangle_9x9_recursive_2
          [minmay_the_grid_triangle_9x9_prize_insulated,
          minmay_the_grid_triangle_9x9_checkered,
          minmay_the_grid_triangle_9x9_steps,
          minmay_the_grid_triangle_9x9_stretched_checkered],
          layout_irregular_city, serial_shops, shop_statue,
          nicolae_shop_behind_doors, basic_altar
D:13:     layout_cave_pods, uniq_sonja
D:14:     layout_loops_cross, lightli_vaults_fourway_checkpoint,
          chequers_serial_rivers_small_b, minmay_st_funbox,
          minmay_guarded_unrand_curses
D:15:     grunt_enter_depths_magical_seal, layout_loops_corners, serial_glass,
          glass_columns_b, glass_columns_c, feat_on_display
Temple:   compressed_dpeg_triangle_lava_temple
Lair:1:   layout_layer_cave, portal_ice_cave_entry_imps, worms_lemuel
Lair:2:   layout_cave_pods, guppyfry_snake_entry_garden, gammafunk_ghost_hive
Lair:3:   layout_chaotic_city, nicolae_swamp_entry_splash_gauntlet
Lair:4:   layout_big_grid, gammafunk_ghost_hydra_chop, wad_woods_road_04
Lair:5:   layout_long_grid, slime_altar_1, dpeg_oklob_1
Lair:6:   minmay_lair_end_enchanted_forest, layout_long_grid, st_stairs_5,
          minivault_25, minivault_23, uniq_urug
Swamp:1:  layout_basic_swamp, infiniplex_staircase_pool
Swamp:2:  layout_falls_marsh, hangedman_swamp_cone, swamp_pool1
Swamp:3:  layout_basic_swamp, evilmike_swamp_ruin_rubble_1
Swamp:4:  swamp, layout_basic_swamp
Snake:1:  layout_grid_maze, grunt_ministairs_1, nicolae_snake_springs
Snake:2:  layout_concentric_octagons, uniq_aizul, uniq_jorgrun, uniq_vashnia
Snake:3:  layout_onion_interference, special_room, hangedman_snake_pattern,
          uniq_louise, uniq_azrael
Snake:4:  snake_pit, layout_misc_corridors, serial_shops, shop, uniq_agnes
Orc:1:    layout_caves
Orc:2:    st_orc_pillars, layout_diamond_mine, uniq_donald
Elf:1:    eino_elf_arrival_the_gate, layout_loops_ring,
          kennysheep_underground_church
Elf:2:    layout_geoelf_octagon, serial_shops, nicolae_shop_statue_plus,
          fake_guardian_serpent_vault
Elf:3:    minmay_elf_hall_furrowed, layout_onion_city, minivault_28
Vaults:1: v_misc_32, nicolae_vaults_stairing_the_circle,
          ontoclasm_vaults_loading_screen, v_pattern_3, vaults_dpeg_spiral,
          v_alt_pattern_5, ontoclasm_vaults_idyll, nicolae_vaults_specimen_jars,
          nicolae_vaults_ring_of_whatevers, vaults_mumra_chevron, v_misc_22,
          nicolae_vaults_mini_display_case, nicolae_vaults_display_case,
          layout_vaults_ring, serial_shops, shop
Vaults:2: hangedman_vaults_variations, ontoclasm_vaults_hangar,
          nicolae_vaults_rhombus_5, vaults_room_door_ring,
          minmay_crypt_entry_skeletal_spiral, v_alt_pattern_2,
          vaults_room_boxed, hangedman_vaults_maws,
          nicolae_vaults_little_squares_4, vaults_dpeg_cross,
          layout_vaults_chaotic_city, uniq_asterion
Vaults:3: ontoclasm_vaults_idyll, v_misc_13, ontoclasm_vaults_ring_large,
          v_misc_11, hangedman_vaults_stagger, vaults_room_pools,
          vaults_room_octagon, vaults_mumra_minichess_inversion,
          hangedman_vaults_corner_blocks, v_misc_4, vaults_dpeg_ring,
          nicolae_vaults_network_star, vaults_room_hallway,
          hangedman_vaults_nails, layout_vaults_maze, uniq_boris
Vaults:4: nicolae_vaults_sealed_display, v_misc_29, vaults_room_hallway,
          nicolae_vaults_circle_grid_a, v_misc_27, ontoclasm_vaults_fault,
          ontoclasm_vaults_ligature, layout_vaults_quadrants, uniq_sojobo
Vaults:5
Depths:1: layout_gridlike, minmay_misc_feat_pillars, grunt_hell_entry_dis_mu,
          hangedman_abyss_or_decor_lesser_grid, hangedman_cracks_in_the_wall
Depths:2: kennysheep_large_spiral, layout_gridlike, hell_entry, serial_sigils,
          serial_sigils_hangedman_scratch, serial_sigils_hangedman_confine,
          serial_sigils_hangedman_gnaw, serial_sigils_hangedman_stare
Depths:3: evilmike_cross, layout_gridville, chequers_hall_statues_wall_a,
          hell_entry, rand_demon_pan_entry_3, ebering_ghost_reflecting_pool,
          serial_bayou_shore_b, uniq_enchantress
Depths:4: minmay_fractal_lines_corner, layout_gridville, enter_ziggurat_a,
          abyss_entry, rand_demon_pan_entry_9, hex_medium, hell_entry,
          kennysheep_cross_bottleneck, minmay_misc_feat_nine_boxes
Depths:5: hangedman_pleasuredromes, hell_entry
Zot:1:    layout_basic
Zot:2:    layout_basic, door_vault
Zot:3:    layout_onion_interference, grunt_megastairs_4
Zot:4:    layout_basic, grunt_ministairs_8
Zot:5:    layout_onion, grunt_megastairs_3

Skill      XL: |  1  2  3  4  5  6  7  8  9 10 11 12 13 14 15 16 17 18 19 20 21 22 23 24 25 26 27 |
---------------+----------------------------------------------------------------------------------+-----
Spellcasting   | 5 6 7 8 9 10 11 12 13 14 15 16 17 19 | 19.2
Invocations    | 1 2 3 4 5 6 7 8 9 10 11 12 13 14 15 16 17 18 20 | 20.1
Short Blades   | 1 2 3 4 5 6 7 8 9 10 11 12 13 14 15 16 17 18 | 18.8
Long Blades    | 1 2 3 4 5 6 7 8 9 10 11 12 13 14 15 16 17 18 | 18.8
Axes           | 1 2 3 4 5 6 7 8 9 10 11 12 13 14 15 16 17 18 | 18.8
Maces & Flails | 1 2 3 4 5 6 7 8 9 10 11 12 13 14 15 16 17 18 | 18.8
Staves         | 1 2 3 4 5 6 7 8 9 10 11 12 13 14 15 16 17 18 | 18.8
Slings         | 1 2 3 4 5 6 7 8 9 10 11 12 13 14 15 16 17 18 | 18.8
Bows           | 1 2 3 4 5 6 7 8 9 10 11 12 13 14 15 16 17 18 | 18.8
Crossbows      | 1 2 3 4 5 6 7 8 9 10 11 12 13 14 15 16 17 18 | 18.8
Throwing       | 1 2 3 4 5 6 7 8 9 10 11 12 13 14 15 16 17 18 | 18.8
Stealth        | 1 2 3 4 5 6 7 8 9 10 11 12 13 14 15 16 17 18 | 18.8
Shields        | 1 2 3 4 5 6 7 8 9 10 11 12 13 14 15 16 17 18 19 22 | 22.3
Unarmed Combat | 1 2 3 4 5 6 7 8 9 10 11 12 13 14 15 16 17 18 | 18.8
Evocations     | 1 2 3 4 5 6 7 8 9 10 11 12 13 14 15 16 17 18 | 18.8
Conjurations   | 1 2 3 4 5 6 7 8 9 10 11 12 13 14 16 | 16.2
Hexes          | 1 2 3 4 5 6 7 8 9 10 11 12 13 14 16 | 16.2
Summonings     | 1 2 3 4 5 6 7 8 9 10 11 12 13 14 16 | 16.2
Necromancy     | 1 2 3 4 5 6 7 8 9 10 11 12 13 14 16 | 16.2
Translocations | 1 2 3 4 5 6 7 8 9 10 11 12 13 14 15 16 17 | 17.6
Transmutations | 1 2 3 4 5 6 7 8 9 10 11 12 13 14 16 | 16.2
Fire Magic     | 1 2 3 4 5 6 7 8 9 10 11 12 13 14 16 | 16.2
Ice Magic      | 1 2 3 4 5 6 7 8 9 10 11 12 13 14 16 | 16.2
Air Magic      | 1 2 3 4 5 6 7 8 9 10 11 12 13 14 16 | 16.2
Earth Magic    | 1 2 3 4 5 6 7 8 9 10 11 12 13 14 16 | 16.2
Poison Magic   | 1 2 3 4 5 6 7 8 9 10 11 12 13 14 16 | 16.2
Armour         | 3 4 5 6 7 8 9 10 11 12 13 14 15 16 17 21 | 21.0
Fighting       | 5 6 7 8 9 10 11 12 13 14 15 16 17 19 | 19.2
Polearms       | 5 6 7 8 9 10 11 12 13 14 15 16 17 19 | 19.2
Dodging        | 5 6 7 8 9 10 11 12 13 14 15 16 17 19 | 19.2
Charms         | 6 7 8 9 10 11 12 13 14 15 16 | 16.9

Action                   |  1- 3 |  4- 6 |  7- 9 | 10-12 | 13-15 | 16-18 | 19-21 | 22-24 | 25-27 || total
-------------------------+-------+-------+-------+-------+-------+-------+-------+-------+-------++-------
Melee: Spear             |    88 |    50 |       |       |       |       |       |       |       ||   138
       Bite              |     1 |    23 |    11 |       |       |    88 |   176 |   306 |   419 ||  1024
       Dagger            |       |   174 |    75 |       |       |       |       |       |       ||   249
       Short sword       |       |    11 |       |       |       |       |       |       |       ||    11
       Punch             |       |     4 |     1 |       |       |       |       |       |       ||     5
       Falchion          |       |       |     7 |       |       |       |       |       |       ||     7
       Demon trident     |       |       |       |       |       |   545 |  1011 |  1811 |  2453 ||  5820
 Fire: Hunting sling     |       |       |   276 |   806 |  1997 |  1586 |   988 |       |       ||  5653
       Hand crossbow     |       |       |       |       |       |       |    50 |     4 |       ||    54
Throw: Dart              |       |    12 |     2 |     8 |    75 |    17 |     2 |     3 |    10 ||   129
       Boomerang         |       |    23 |       |       |       |       |       |       |       ||    23
       Javelin           |       |     1 |       |     2 |    25 |    15 |    44 |    20 |    19 ||   126
       Throwing net      |       |       |       |       |     1 |       |       |       |       ||     1
 Cast: Infusion          |    12 |     5 |       |       |       |       |     1 |       |       ||    18
       Shroud of Golubri |     3 |    11 |     3 |       |       |       |       |       |       ||    17
       Regeneration      |       |     1 |     2 |       |       |     1 |    17 |    35 |    69 ||   125
       Spectral Weapon   |       |       |       |       |       |     7 |    35 |    64 |   115 ||   221
       Blink             |       |       |       |       |       |       |       |     2 |     5 ||     7
       Invisibility      |       |       |       |       |       |       |       |       |    12 ||    12
       Summon Mana Viper |       |       |       |       |       |       |       |       |    12 ||    12
       Borgnjor's Vile C |       |       |       |       |       |       |       |       |     7 ||     7
       Deflect Missiles  |       |       |       |       |       |       |       |       |     2 ||     2
       Summon Butterflie |       |       |       |       |       |       |       |       |     2 ||     2
       Death Channel     |       |       |       |       |       |       |       |       |     1 ||     1
       Yara's Violent Un |       |       |       |       |       |       |       |       |     1 ||     1
Invok: Heroism           |       |       |     1 |     3 |    13 |    20 |    14 |     9 |    18 ||    78
       Finesse           |       |       |       |       |     7 |     7 |     2 |     7 |     5 ||    28
 Abil: Evoke Blink       |       |       |       |     1 |    14 |    10 |       |       |       ||    25
Evoke: Wand              |       |       |       |    15 |    38 |     9 |     5 |       |    16 ||    83
  Use: Scroll            |       |     3 |     9 |     5 |     7 |    19 |     7 |     8 |    27 ||    85
       Potion            |       |       |       |     1 |       |     4 |     1 |     3 |    15 ||    24
 Stab: Sleeping          |     3 |     3 |     1 |       |       |       |       |     5 |    11 ||    23
       Distracted        |       |     1 |       |       |       |     4 |     9 |    17 |    43 ||    74
       Confused          |       |       |       |       |       |     2 |     3 |       |       ||     5
       Paralysed         |       |       |       |       |       |       |     1 |       |    17 ||    18
       Petrified         |       |       |       |       |       |       |       |     4 |       ||     4
       Petrifying        |       |       |       |       |       |       |       |     1 |       ||     1
       Invisible         |       |       |       |       |       |       |       |       |    87 ||    87
  Eat: Chunk             |     1 |    10 |    15 |    15 |    32 |    17 |    27 |    24 |    37 ||   178
       Ration            |       |       |       |       |     1 |     5 |     2 |     1 |     6 ||    15
Armor: Leather armour    |    10 |    28 |       |       |       |       |       |       |       ||    38
       Ring mail         |       |     7 |    24 |       |       |       |       |       |       ||    31
       Chain mail        |       |       |    31 |   218 |   281 |   104 |       |       |       ||   634
       Crystal plate arm |       |       |       |       |       |   162 |   417 |   408 |   584 ||  1571
Dodge: Dodged            |    36 |   123 |   104 |   140 |   208 |   207 |   299 |   332 |   573 ||  2022
       Deflected         |       |       |       |       |       |       |       |       |    18 ||    18
Block: Shield            |       |       |       |   218 |   100 |       |       |       |   603 ||   921
       Large shield      |       |       |       |       |   607 |   907 |  1149 |  1233 |   824 ||  4720
       Rpst.: Falchion   |       |       |     3 |       |       |       |       |       |       ||     3

Table legend:
 A = Turns spent in this place as a percentage of turns spent in the entire game.
 B = Non-inter-level travel turns spent in this place as a percentage of non-inter-level travel turns spent in the entire game.
 C = Inter-level travel turns spent in this place as a percentage of turns spent in this place.
 D = Turns resting spent in this place as a percentage of non-inter-level travel turns spent in this place.
 E = Turns spent auto-exploring this place as a percentage of non-inter-level travel turns spent in this place.
 F = Non-inter-level travel turns spent in this place divided by the number of levels of this place that you've seen.
                   A       B       C       D       E      F
               +-------+-------+-------+-------+-------+----------------------
         Total | 100.0 | 100.0 |  11.8 |   6.4 |  57.9 | 1160.1
       Dungeon |  29.3 |  26.1 |  21.4 |   4.7 |  65.6 | 1048.8
        Temple |   0.4 |   0.4 |   6.6 |   0.0 |  93.4 | 242.0
          Lair |  10.2 |  10.4 |   9.5 |   4.9 |  64.8 | 1049.7
         Swamp |   4.9 |   5.0 |   9.1 |   0.0 |  66.8 | 761.5
     Snake Pit |   9.7 |   9.8 |  10.7 |  12.7 |  54.5 | 1481.5
  Orcish Mines |   4.3 |   4.0 |  17.9 |   3.8 |  54.3 | 1204.5
   Elven Halls |   6.2 |   6.6 |   6.7 |   0.2 |  58.2 | 1323.3
        Vaults |  13.1 |  14.0 |   5.6 |   5.4 |  50.5 | 1686.2
        Depths |  10.3 |  10.9 |   6.3 |   8.8 |  52.5 | 1315.6
           Zot |   9.6 |  10.4 |   4.6 |  11.6 |  52.0 | 1259.0
         Sewer |   0.4 |   0.5 |   0.0 |   4.7 |  48.1 | 297.0
      Ice Cave |   1.6 |   1.8 |   0.0 |  17.6 |  27.9 | 1100.0
               +-------+-------+-------+-------+-------+----------------------

Table legend:
 A = Kills in this place as a percentage of kills in entire the game.
 B = Kills by you in this place as a percentage of kills by you in the entire game.
 C = Kills by friends in this place as a percentage of kills by friends in the entire game.
 D = Other kills in this place as a percentage of other kills in the entire game.
 E = Experience gained in this place as a percentage of experience gained in the entire game.
 F = Experience gained in this place divided by the number of levels of this place that you have seen.
                   A       B       C       D       E      F
               +-------+-------+-------+-------+-------+----------------------
         Total | 100.0 | 100.0 | 100.0 | 100.0 | 100.0 | 34445.3
       Dungeon |  21.8 |  21.7 |  37.5 |  33.3 |   5.5 | 6612.1
          Lair |   7.7 |   7.7 |  25.0 |  13.3 |   3.0 | 8944.2
         Swamp |   6.4 |   6.5 |   0.0 |   0.0 |   4.1 | 18414.2
     Snake Pit |   7.5 |   7.6 |   0.0 |   0.0 |   6.6 | 29613.2
  Orcish Mines |   5.1 |   5.1 |   0.0 |   0.0 |   1.3 | 11527.5
   Elven Halls |   6.0 |   6.0 |   0.0 |   6.7 |   7.1 | 42415.3
        Vaults |  21.2 |  21.4 |   0.0 |   6.7 |  23.6 | 84472.8
        Depths |  13.0 |  13.0 |  12.5 |  13.3 |  20.7 | 73987.8
           Zot |   8.6 |   8.5 |  12.5 |  26.7 |  27.4 | 98188.8
         Sewer |   0.5 |   0.5 |   0.0 |   0.0 |   0.0 | 126.0
      Ice Cave |   2.1 |   2.1 |  12.5 |   0.0 |   0.7 | 12525.0
               +-------+-------+-------+-------+-------+----------------------

Levels and vault maps discovered:
D:1:      ebering_trefoil_twist, layout_loops_corners,
          minmay_misc_feat_diagonals
D:2:      layout_basic, lemuel_round_altar, first_ration
D:3:      wad_woods_stonehenge, layout_loops_corners,
          nicolae_overflow_crystal_walls, gammafunk_temple_overflow_forgotten,
          gup_sewer_entry_bubbles, uniq_sigmund
D:4:      layout_basic, tgw_sif, minmay_temple_entry_gardened_gates,
          okawaru_ov_weapons_minmay
D:5:      layout_loops_cross, grunt_temple_overflow_lords_of_destruction,
          uniq_blork_the_orc
D:6:      layout_loops_corners, kennysheep_mini, nicolae_overflow_hidden_temple
D:7:      layout_loops_ring, marbit_many_paths
D:8:      layout_loops_cross, kennysheep_vampire_church, serial_shops,
          nicolae_shop_window_shopping, shop, shop
D:9:      layout_small_grid, lemuel_round_altar, erik_lair_island, erik_orc_1,
          serial_shops, shop
D:10:     layout_roguey, enter_trove_3, grunt_ogre_cave, uniq_maurice
D:11:     layout_irregular_city, david_defended_altar_elf, uniq_gastronok
D:12:     minmay_the_grid_triangle_9x9_recursive_2
          [minmay_the_grid_triangle_9x9_prize_insulated,
          minmay_the_grid_triangle_9x9_checkered,
          minmay_the_grid_triangle_9x9_steps,
          minmay_the_grid_triangle_9x9_stretched_checkered],
          layout_irregular_city, serial_shops, shop_statue,
          nicolae_shop_behind_doors, basic_altar
D:13:     layout_cave_pods, uniq_sonja
D:14:     layout_loops_cross, lightli_vaults_fourway_checkpoint,
          chequers_serial_rivers_small_b, minmay_st_funbox,
          minmay_guarded_unrand_curses
D:15:     grunt_enter_depths_magical_seal, layout_loops_corners, serial_glass,
          glass_columns_b, glass_columns_c, feat_on_display
Temple:   compressed_dpeg_triangle_lava_temple
Lair:1:   layout_layer_cave, portal_ice_cave_entry_imps, worms_lemuel
Lair:2:   layout_cave_pods, guppyfry_snake_entry_garden, gammafunk_ghost_hive
Lair:3:   layout_chaotic_city, nicolae_swamp_entry_splash_gauntlet
Lair:4:   layout_big_grid, gammafunk_ghost_hydra_chop, wad_woods_road_04
Lair:5:   layout_long_grid, slime_altar_1, dpeg_oklob_1
Lair:6:   minmay_lair_end_enchanted_forest, layout_long_grid, st_stairs_5,
          minivault_25, minivault_23, uniq_urug
Swamp:1:  layout_basic_swamp, infiniplex_staircase_pool
Swamp:2:  layout_falls_marsh, hangedman_swamp_cone, swamp_pool1
Swamp:3:  layout_basic_swamp, evilmike_swamp_ruin_rubble_1
Swamp:4:  swamp, layout_basic_swamp
Snake:1:  layout_grid_maze, grunt_ministairs_1, nicolae_snake_springs
Snake:2:  layout_concentric_octagons, uniq_aizul, uniq_jorgrun, uniq_vashnia
Snake:3:  layout_onion_interference, special_room, hangedman_snake_pattern,
          uniq_louise, uniq_azrael
Snake:4:  snake_pit, layout_misc_corridors, serial_shops, shop, uniq_agnes
Orc:1:    layout_caves
Orc:2:    st_orc_pillars, layout_diamond_mine, uniq_donald
Elf:1:    eino_elf_arrival_the_gate, layout_loops_ring,
          kennysheep_underground_church
Elf:2:    layout_geoelf_octagon, serial_shops, nicolae_shop_statue_plus,
          fake_guardian_serpent_vault
Elf:3:    minmay_elf_hall_furrowed, layout_onion_city, minivault_28
Vaults:1: v_misc_32, nicolae_vaults_stairing_the_circle,
          ontoclasm_vaults_loading_screen, v_pattern_3, vaults_dpeg_spiral,
          v_alt_pattern_5, ontoclasm_vaults_idyll, nicolae_vaults_specimen_jars,
          nicolae_vaults_ring_of_whatevers, vaults_mumra_chevron, v_misc_22,
          nicolae_vaults_mini_display_case, nicolae_vaults_display_case,
          layout_vaults_ring, serial_shops, shop
Vaults:2: hangedman_vaults_variations, ontoclasm_vaults_hangar,
          nicolae_vaults_rhombus_5, vaults_room_door_ring,
          minmay_crypt_entry_skeletal_spiral, v_alt_pattern_2,
          vaults_room_boxed, hangedman_vaults_maws,
          nicolae_vaults_little_squares_4, vaults_dpeg_cross,
          layout_vaults_chaotic_city, uniq_asterion
Vaults:3: ontoclasm_vaults_idyll, v_misc_13, ontoclasm_vaults_ring_large,
          v_misc_11, hangedman_vaults_stagger, vaults_room_pools,
          vaults_room_octagon, vaults_mumra_minichess_inversion,
          hangedman_vaults_corner_blocks, v_misc_4, vaults_dpeg_ring,
          nicolae_vaults_network_star, vaults_room_hallway,
          hangedman_vaults_nails, layout_vaults_maze, uniq_boris
Vaults:4: nicolae_vaults_sealed_display, v_misc_29, vaults_room_hallway,
          nicolae_vaults_circle_grid_a, v_misc_27, ontoclasm_vaults_fault,
          ontoclasm_vaults_ligature, layout_vaults_quadrants, uniq_sojobo
Vaults:5
Depths:1: layout_gridlike, minmay_misc_feat_pillars, grunt_hell_entry_dis_mu,
          hangedman_abyss_or_decor_lesser_grid, hangedman_cracks_in_the_wall
Depths:2: kennysheep_large_spiral, layout_gridlike, hell_entry, serial_sigils,
          serial_sigils_hangedman_scratch, serial_sigils_hangedman_confine,
          serial_sigils_hangedman_gnaw, serial_sigils_hangedman_stare
Depths:3: evilmike_cross, layout_gridville, chequers_hall_statues_wall_a,
          hell_entry, rand_demon_pan_entry_3, ebering_ghost_reflecting_pool,
          serial_bayou_shore_b, uniq_enchantress
Depths:4: minmay_fractal_lines_corner, layout_gridville, enter_ziggurat_a,
          abyss_entry, rand_demon_pan_entry_9, hex_medium, hell_entry,
          kennysheep_cross_bottleneck, minmay_misc_feat_nine_boxes
Depths:5: hangedman_pleasuredromes, hell_entry
Zot:1:    layout_basic
Zot:2:    layout_basic, door_vault
Zot:3:    layout_onion_interference, grunt_megastairs_4
Zot:4:    layout_basic, grunt_ministairs_8
Zot:5:    layout_onion, grunt_megastairs_3
